[Event "*** Titled Tuesday Blitz"]
[Site "Chess.com"]
[Date "2019.07.02"]
[Round "4"]
[White "LarissaSteenbekkers"]
[Black "Bagirova"]
[Result "1/2-1/2"]
[WhiteElo "1990"]
[BlackElo "1911"]
[TimeControl "180+2"]
[EndTime "13:53:06 PDT"]
[Termination "Game drawn by repetition"]

1. e4 c5 2. Nf3 d6 3. d4 cxd4 4. Nxd4 Nf6 5. Nc3 a6 6. h3 e6 7. g4 Be7 8. Bg2 Qc7 9. O-O Nc6 10. Be3 O-O 11. f4 Bd7 12. g5 Ne8 13. f5 Nxd4 14. Qxd4 exf5 15. exf5 Bc6 16. Nd5 Bxd5 17. Bxd5 Qxc2 18.
Rac1 Qe2 19. g6 Bf6 20. gxf7+ Kh8 21. Qf4 Be5 22. Qf2 Qxf2+ 23. Rxf2 Nf6 24. Bxb7 Rab8 25. Rc7 d5 26. Re7 Bd6 27. Re6 Rxb7 28. Rxd6 Ne4 29.
Rxd5 Nxf2 30. Bxf2 Rbxf7 31. Bd4 Rxf5 32. Rd6 Rg5+ 33. Kh2 a5 34. h4 Rg4 35. Kh3 Rgf4 36.
h5 Rf3+ 37. Kg4 R3f4+ 38. Kg3 R4f5 39. h6 Rf3+ 40. Kg4 R8f4+ 41. Kg5 Rf5+ 42. Kg4 R5f4+ 43. Kg5 Rf5+ 44. Kg4 R5f4+ 1/2-1/2

[Event "*** Titled Tuesday Blitz"]
[Site "Chess.com"]
[Date "2019.07.02"]
[Round "4"]
[White "XiaoKangZhong"]
[Black "Mazanchenko_Dmitry"]
[Result "1-0"]
[WhiteElo "2254"]
[BlackElo "2228"]
[TimeControl "180+2"]
[EndTime "13:53:06 PDT"]
[Termination "XiaoKangZhong won on time"]

1. e4 c5 2. Nf3 d6 3. Bb5+ Nd7 4.
O-O e6 5. Re1 a6 6. Bf1 Ngf6 7.
c3 Be7 8. d4 cxd4 9. cxd4 O-O 10. Nc3 Nb6 11. a4 d5 12. e5 Ne8 13. b3 Bb4 14. Bd2 Bxc3 15. Bxc3 f6 16. Ba5 Bd7 17. Qd2 Rc8 18. Qb4 Rc6 19. Rac1 fxe5 20. dxe5 Rxc1 21.
Rxc1 Rxf3 22. Bxb6 Qg5 23. Rc2 Rf4 24. Qd2 Qxe5 25.
Be3 Rf7 26. Bd4 Qf4 27. Qc3 Nd6 28. Be5 Ne4 29. Qc7 Qf5 30. Bd4 h6 31. Qxb7 Kh7 32. Bd3 e5 33. Re2 Qf4 34. Rxe4 Qc1+ 35. Re1+ Bf5 36.
Rxc1 Rxb7 37. Bxf5+ g6 38. Bc8 Rxb3 39. Bxe5 Ra3 40. Be6 h5 41. h4 g5 42. hxg5 Kg6 43.
f4 Rxa4 44. Rc7 h4 45. Bxd5 h3 46. Bb3 Ra3 47. Bc2+ Kh5 48. Bf5 h2+ 49. Kxh2 1-0

[Event "*** Titled Tuesday Blitz"]
[Site "Chess.com"]
[Date "2019.07.02"]
[Round "4"]
[White "csati17"]
[Black "Galileo22"]
[Result "0-1"]
[WhiteElo "2514"]
[BlackElo "2376"]
[TimeControl "180+2"]
[EndTime "13:53:07 PDT"]
[Termination "Galileo22 won by checkmate"]

1. c4 e5 2. g3 Nf6 3. Bg2 d5 4. cxd5 Nxd5 5. Nc3 Nb6 6. Nf3 Nc6 7. O-O Be7 8. a3 g5 9. b4 g4 10. Ne1 h5 11. Nd3 h4 12. b5 Nd4 13. Nxe5 Qd6 14.
e3 Qxe5 15. exd4 Qh5 16. Re1 hxg3 17. hxg3 Be6 18. Bxb7 Rd8 19. Bg2 Rxd4 20. Qe2 Qh2+ 21. Kf1 Bc4 22. d3 Bxd3 23. Ra2 Kf8 24. Be3 Bxe2+ 25.
Raxe2 Rd6 26. Bc5 Re6 27. Bxe7+ Kxe7 28. Ne4 Qh6 29. Rc2 Kf8 30. Rxc7 Qg6 31. Rxa7 Kg7 32.
Ra6 Nc4 33. Rxe6 Qxe6 34. a4 Rh2 35. Kg1 Rh6 36. Rc1 Ne5 37. Nc5 Qf6 38. Ne4 Nf3+ 39.
Kf1 Qe6 40. Nc5 Qd5 41. a5 Rh2 42. Bxf3 Qxf3 43. Rc2 Rh1# 0-1

[Event "*** Titled Tuesday Blitz"]
[Site "Chess.com"]
[Date "2019.07.02"]
[Round "4"]
[White "WarlordX"]
[Black "guillembaches"]
[Result "1-0"]
[WhiteElo "2395"]
[BlackElo "2318"]
[TimeControl "180+2"]
[EndTime "13:53:10 PDT"]
[Termination "WarlordX won on time"]

1. d4 Nf6 2. c4 e6 3. Nf3 d5 4. Bf4 Be7 5. e3 O-O 6. h3 Nbd7 7. Nc3 c6 8. Rc1 b6 9. cxd5 exd5 10. Bd3 Bb7 11. O-O Re8 12. Bg3 Rc8 13. Bb1 Bf8 14. Qa4 a5 15. Qd1 g6 16. Re1 Bg7 17. Qb3 b5 18. Bd3 Ne4 19. Bxe4 dxe4 20. Nd2 Nf6 21. Bh4 c5 22. Nxb5 cxd4 23. Nxd4 Rxc1 24.
Rxc1 Bd5 25. Qa3 Qb6 26. b3 Qb4 27. Qxb4 axb4 28. Rc5 Ba8 29. Rb5 Nd5 30. Nc2 Bc3 31.
Nc4 f6 32. Bg3 Rc8 33. Bd6 Bc6 34. Rc5 Bd7 35. Rxd5 Be6 36. Rc5 Ra8 37. Rb5 Rxa2 38. Nxb4 Ra1+ 39. Kh2 Rb1 40. Nc6 Be1 41. Nd4 Bf7 42. Rb8+ Kg7 43. Bf8+ Kg8 44. Bh6+ 1-0

[Event "*** Titled Tuesday Blitz"]
[Site "Chess.com"]
[Date "2019.07.02"]
[Round "4"]
[White "JustaTrickstar"]
[Black "Andrei_Belozerov"]
[Result "1-0"]
[WhiteElo "2856"]
[BlackElo "2552"]
[TimeControl "180+2"]
[EndTime "13:53:11 PDT"]
[Termination "JustaTrickstar won by resignation"]

1. c4 c6 2. d4 d5 3. cxd5 cxd5 4. Nc3 Nf6 5. Bf4 Nc6 6. e3 Bf5 7. Nf3 e6 8. Qb3 Bb4 9. Bb5 O-O 10. Bxc6 Bxc3+ 11. Qxc3 Rc8 12. Ne5 Ng4 13. Nxg4 Bxg4 14.
Qb4 Rxc6 15. Qxb7 Rc2 16. O-O Qb6 17. Qxb6 axb6 18. Rfc1 Rfc8 19. Rxc2 Rxc2 20. b3 h5 21. h4 f6 22. Bd6 Kf7 23. b4 b5 24. a4 bxa4 25. Rxa4 g5 26. hxg5 fxg5 27. Ra7+ Kg6 28. Be5 h4 29. Rg7+ Kf5 30. f3 Bh5 31. Rg8 g4 32. Rf8+ Kg6 33. Rf6+ Kh7 34. fxg4 Bxg4 35. Bf4 Bf5 36. Rh6+ Kg7 37. Rxh4 Rb2 38. Bd6 Be4 39.
Rg4+ Kf6 40. Kh2 Kf5 41. Kh3 Bd3 42. Rf4+ Kg5 43. Be7+ Kh5 44. g4+ Kg6 45. Rf6+ Kg7 46. Rxe6 Bf1+ 47. Kg3 Rg2+ 48. Kf4 Be2 49. Ke5 Rxg4 50.
Kxd5 Kf7 51. Re5 Rg6 52. Bd6 Bf3+ 53. e4 Bh1 54. b5 Rg2 55. b6 Rb2 56. Bc5 Kf6 57.
Re6+ Kf7 58. Re7+ Kf6 59. Kd6 Ra2 60. b7 Rb2 61. Kc7 Rb5 62. b8=Q Rxb8 63. Kxb8 1-0

[Event "*** Titled Tuesday Blitz"]
[Site "Chess.com"]
[Date "2019.07.02"]
[Round "4"]
[White "nubair1198"]
[Black "MagnusSeinFanboy"]
[Result "0-1"]
[WhiteElo "2657"]
[BlackElo "2482"]
[TimeControl "180+2"]
[EndTime "13:53:12 PDT"]
[Termination "MagnusSeinFanboy won by resignation"]

1. Nf3 d5 2. d4 Nf6 3. c4 e6 4.
Nc3 Bb4 5. cxd5 exd5 6. Bg5 h6 7. Bh4 Nbd7 8. e3 g5 9. Bg3 Ne4 10. Rc1 c6 11. Bd3 Nxg3 12. hxg3 Qe7 13. O-O Nf6 14. e4 dxe4 15. Nxe4 Nxe4 16. a3 Ba5 17. Bxe4 Qxe4 18. b4 O-O 19. Re1 Qd5 20. Rc5 Qd6 21. Rxa5 Bg4 22.
Qd3 Bxf3 23. gxf3 a6 24. Re4 Rad8 25. f4 f6 26. Rf5 Kg7 27. Qf3 Rfe8 28. fxg5 hxg5 29.
Rxe8 Rxe8 30. d5 cxd5 31. Rxd5 Qc6 32. Qf5 Re1+ 33. Kh2 Re7 34. Rd8 Rf7 35. Qh3 Rf8 36.
Rd7+ Rf7 37. Rd2 Kg6 38. Rd8 Rg7 39. Rh8 Kf7 40. Qh5+ Ke7 41. Qe2+ Kd7 42. Qe8+ Kd6 43. Qb8+ Kd5 44. Rd8+ Kc4 45. Qa7 Rh7+ 0-1

[Event "*** Titled Tuesday Blitz"]
[Site "Chess.com"]
[Date "2019.07.02"]
[Round "4"]
[White "temus_galaktionov"]
[Black "Er_is_geen_hoop_meer"]
[Result "1-0"]
[WhiteElo "2523"]
[BlackElo "2321"]
[TimeControl "180+2"]
[EndTime "13:53:14 PDT"]
[Termination "temus_galaktionov won by checkmate"]

1. d4 d6 2. Nf3 g6 3. c4 Bg7 4. e4 e5 5. dxe5 dxe5 6. Qxd8+ Kxd8 7. Nc3 c6 8. Be3 Kc7 9. O-O-O f6 10. Bc5 b6 11. Bd6+ Kb7 12. c5 Be6 13. b4 Nh6 14. h3 Nf7 15. Be2 Nd7 16. Kb2 bxc5 17. Bxc5 a5 18. Bc4 Nxc5 19. Bxe6 Nxe6 20. Rd7+ Ka6 21. Rxf7 axb4 22. Nd5 cxd5 23. exd5 Ra7 24. dxe6 Rxf7 25. exf7 Rf8 26. Kb3 Kb5 27. Rd1 Rxf7 28. Rd5+ Kc6 29. Ra5 Bf8 30. Nd2 Rd7 31. Ne4 f5 32. Nf6 Rd2 33. Nxh7 Bc5 34. Ra6+ Kb5 35. Rxg6 Bd4 36. a4+ Kc5 37. a5 Kb5 38. Rb6+ Bxb6 39. axb6 Rd3+ 40. Kc2 Rc3+ 41. Kb2 Kxb6 42. Nf6 Rd3 43.
Kc2 e4 44. g4 Rf3 45. g5 Rxf2+ 46. Kc1 Rg2 47. h4 e3 48. Nd5+ Kc5 49. Nxe3 Rf2 50. g6 f4 51. g7 Rg2 52. Nxg2 f3 53. Ne3 Kd4 54. Nf1 Kd3 55. g8=Q Ke2 56. Qc4+ Ke1 57. Nd2 Kf2 58. Qf1+ Ke3 59. Qxf3+ Kd4 60. Qe4+ Kc3 61. Qc4# 1-0

[Event "*** Titled Tuesday Blitz"]
[Site "Chess.com"]
[Date "2019.07.02"]
[Round "4"]
[White "Mykola-Bortnyk"]
[Black "chessking2151"]
[Result "0-1"]
[WhiteElo "2902"]
[BlackElo "2598"]
[TimeControl "180+2"]
[EndTime "13:53:14 PDT"]
[Termination "chessking2151 won by resignation"]

1. e4 e5 2. Nf3 Nc6 3. Bb5 a6 4. Ba4 Nf6 5. Qe2 b5 6. Bb3 Bc5 7. O-O O-O 8. c3 d6 9. d3 h6 10. h3 Bb6 11. Rd1 Qe7 12. Nbd2 Be6 13. Nf1 Bxb3 14.
axb3 d5 15. Ng3 Rfe8 16. Nf5 Qe6 17. b4 a5 18. bxa5 Nxa5 19. Bxh6 gxh6 20. Nxh6+ Kg7 21. Ng5 Qc6 22. Nf5+ Kf8 23. Qf3 Nb3 24. Rxa8 Rxa8 25. Qg3 dxe4 26. Nxe4 Nxe4 27. Qg7+ Ke8 28. Qg8+ Kd7 29.
dxe4+ Nd4 30. Qxf7+ Kd8 31. cxd4 exd4 32. e5 Qc2 33. Ne3 Qe4 34. e6 Kc8 35. e7 Kb7 36. Qd5+ Qxd5 37. Nxd5 Re8 38. Re1 Bc5 39. b4 Bd6 40.
Re6 Kc6 41. Nf4 Rxe7 42. Rxe7 Bxe7 43. Nd3 Kd5 44. Kf1 Kc4 45. Ke2 Bxb4 46. h4 Bf8 47.
g4 Kc3 48. f4 Kc2 49. f5 c5 50. Ne1+ Kc1 51. Nd3+ Kc2 52. f6 c4 53. Ne1+ Kc3 54. g5 d3+ 55. Kd1 b4 56. Nf3 b3 57. Nd2 b2 58. g6 Bh6 59. Nb1+ Kd4 60. Ke1 c3 61.
Kf2 c2 62. g7 cxb1=Q 63. g8=Q Be3+ 64. Kf3 Qf1+ 0-1

[Event "*** Titled Tuesday Blitz"]
[Site "Chess.com"]
[Date "2019.07.02"]
[Round "4"]
[White "Khanya_Mazibuko"]
[Black "alturas_pacificas"]
[Result "0-1"]
[WhiteElo "2223"]
[BlackElo "2396"]
[TimeControl "180+2"]
[EndTime "13:53:19 PDT"]
[Termination "alturas_pacificas won by resignation"]

1. e4 e5 2. Nf3 Nf6 3. Nxe5 d6 4. Nf3 Nxe4 5. Nc3 Nxc3 6. dxc3 Be7 7. Be3 Be6 8. Qd2 Nc6 9. O-O-O a6 10. Kb1 h6 11. h4 Qd7 12. h5 O-O-O 13. Nd4 Bf6 14.
Nxe6 fxe6 15. g3 d5 16. Bh3 Kb8 17. Rhe1 Rhe8 18. f4 Qd6 19. Bd4 e5 20. fxe5 Nxe5 21. Qf4 c5 22. Bg1 Nf7 23. Rxe8 Rxe8 24. Qxd6+ Nxd6 25. Bxc5 Ne4 26. Be3 Nxg3 27. Bf4+ Be5 28. Re1 Ne4 29.
Bxe5+ Rxe5 30. Kc1 Rxh5 31. Be6 Re5 32. Bxd5 Rxd5 33. Rxe4 Rg5 34. Kd2 Rg2+ 35. Kd3 h5 36. c4 g5 37. Re8+ Ka7 38. Rh8 h4 39. c5 Rg3+ 40.
Kc4 h3 41. Rh7 g4 42. c6 Rg2 43. Rxb7+ Ka8 44. c3 h2 45. Rh7 g3 46. b4 Rg1 47.
c7 Kb7 0-1

[Event "*** Titled Tuesday Blitz"]
[Site "Chess.com"]
[Date "2019.07.02"]
[Round "4"]
[White "chessdjw"]
[Black "M1711"]
[Result "1-0"]
[WhiteElo "2715"]
[BlackElo "2498"]
[TimeControl "180+2"]
[EndTime "13:53:20 PDT"]
[Termination "chessdjw won by checkmate"]

1. Nf3 Nf6 2. e3 g6 3. b3 Bg7 4.
Bb2 O-O 5. Be2 d6 6. O-O e5 7. d4 Nbd7 8. dxe5 Ng4 9. Qd2 Ngxe5 10. c4 b6 11. Nc3 Bb7 12. Nd5 Nc5 13. Rad1 a5 14.
Qc2 c6 15. Nc3 Qc7 16. Nd4 Rfe8 17. h3 Rad8 18. Rd2 h5 19. Rfd1 Bc8 20. f4 Ned7 21.
Bf3 Bb7 22. e4 Nf8 23. Nde2 Bc8 24. a3 Na6 25. Na4 b5 26. Bxg7 Kxg7 27. cxb5 cxb5 28. Qb2+ Kg8 29. Nac3 Qb6+ 30. Kh2 Bb7 31. Nd5 Bxd5 32. Rxd5 Nc5 33. Qd4 Qb8 34. b4 axb4 35. axb4 Nce6 36. Qd2 Qb6 37. Rxd6 Rxd6 38. Qxd6 Qf2 39. Qc6 Rd8 40.
Rxd8 Nxd8 41. Qxb5 Nde6 42. Qd3 Qb6 43. b5 Nc7 44. Nc3 Nfe6 45. f5 Nf4 46. Qd8+ Kh7 47. fxg6+ fxg6 48. Qe7+ Kh6 49. Qf8+ Kg5 50. h4+ Kxh4 51.
Qxf4# 1-0

[Event "*** Titled Tuesday Blitz"]
[Site "Chess.com"]
[Date "2019.07.02"]
[Round "4"]
[White "Korchmar_Vasiliy"]
[Black "vlad_Sid"]
[Result "0-1"]
[WhiteElo "2743"]
[BlackElo "2544"]
[TimeControl "180+2"]
[EndTime "13:53:21 PDT"]
[Termination "vlad_Sid won on time"]

1. d4 Nf6 2. c4 c5 3. d5 b5 4. cxb5 a6 5. bxa6 g6 6. Nc3 Bg7 7. e4 O-O 8. Nf3 Qa5 9. Bd2 Bxa6 10. Be2 d6 11. O-O Bxe2 12. Qxe2 Na6 13. Nb5 Qb6 14. a4 Rfb8 15. Bc3 Nc7 16. Nxc7 Qxc7 17. Rfc1 Nd7 18. Bxg7 Kxg7 19. Nd4 Ne5 20. f4 Qb6 21. Nb5 c4+ 22. Kh1 Nd3 23. Rf1 Ra5 24. b3 Qc5 25.
Rad1 Nb4 26. Rc1 Na6 27. Rxc4 Qb6 28. e5 Rxb5 29. axb5 Qxb5 30. exd6 exd6 31. Qb2+ f6 32. Rcc1 Nc5 33. f5 g5 34. Qf2 Rb7 35. h3 Nxb3 36. Rb1 Qxd5 37. Qg3 Nd2 38. Rxb7+ Qxb7 39. Rd1 Ne4 40. Qf3 d5 41. Kh2 Qb5 42. Qd3 Qb8+ 43.
g3 Qe5 44. Qxd5 Qxg3+ 0-1

[Event "*** Titled Tuesday Blitz"]
[Site "Chess.com"]
[Date "2019.07.02"]
[Round "4"]
[White "G_Threepwood"]
[Black "GelmanAlexander"]
[Result "1-0"]
[WhiteElo "2463"]
[BlackElo "2560"]
[TimeControl "180+2"]
[EndTime "13:53:23 PDT"]
[Termination "G_Threepwood won on time"]

1. e4 c5 2. Nc3 e6 3. Nf3 a6 4.
d4 cxd4 5. Nxd4 d6 6. g3 Nf6 7.
Bg2 Be7 8. O-O O-O 9. h3 Nc6 10. Be3 Qc7 11. a4 Re8 12. f4 Rb8 13. g4 h6 14. g5 hxg5 15. fxg5 Nh7 16. Rxf7 Kxf7 17. Qh5+ Kg8 18. Qxe8+ Nf8 19. Rf1 Ne5 20. Qh5 Bd7 21. Nf3 Be8 22. Qh4 Nfg6 23. Qg3 Nc4 24. Bc1 Nxb2 25.
Bxb2 Qb6+ 26. Kh1 Qxb2 27. Nd4 Rc8 28. Nce2 Bd7 29. h4 Rf8 30. Rxf8+ Bxf8 31. Qb3 Qa1+ 32. Kh2 Qe1 33. h5 Ne5 34. Nxe6 Ng4+ 35. Kh3 Nf2+ 36.
Kh2 d5 37. Qxd5 Ng4+ 38. Kh3 Qxe2 39. Nf4+ Kh8 40. Ng6+ Kh7 41. Nxf8+ Kh8 42. Ng6+ Kh7 43. Qxd7 Ne3 44. Nf4 Qf2 45. h6 1-0

[Event "*** Titled Tuesday Blitz"]
[Site "Chess.com"]
[Date "2019.07.02"]
[Round "4"]
[White "vlad10898"]
[Black "KaterynaLagno"]
[Result "0-1"]
[WhiteElo "2473"]
[BlackElo "2666"]
[TimeControl "180+2"]
[EndTime "13:53:25 PDT"]
[Termination "KaterynaLagno won by resignation"]

1. e4 e5 2. Nf3 Nc6 3. Bb5 f5 4. d3 fxe4 5. dxe4 Nf6 6. O-O d6 7.
Nc3 Be7 8. Qd3 O-O 9. Qc4+ Kh8 10. Bxc6 bxc6 11. Qxc6 Bd7 12. Qc4 c6 13. Bg5 Qe8 14.
Rad1 Qg6 15. Bxf6 gxf6 16. Nh4 Qg4 17. g3 d5 18. Qe2 d4 19. f3 Qh3 20. Nb1 Rg8 21. Qg2 Bc5 22. Kh1 Qe6 23. b3 a5 24.
Nd2 a4 25. f4 axb3 26. axb3 Ra2 27. Nc4 exf4 28. Rxf4 d3 29. Rxd3 Ra1+ 30. Rf1 Rxf1+ 31. Qxf1 Qxe4+ 32. Ng2 Bf5 33. Rf3 Bh3 34. Rxf6 Rd8 35.
Rf3 Bg4 36. Rd3 Rf8 37. Qa1+ Kg8 38. Nd2 Qe2 39. Qe1 Rf2 40. Qxe2 Rxe2 41. Rd8+ Kf7 42.
Rd3 Bh3 43. Nf4 Re1+ 0-1

[Event "*** Titled Tuesday Blitz"]
[Site "Chess.com"]
[Date "2019.07.02"]
[Round "4"]
[White "VishnuPrasanna"]
[Black "OparinGrigoriy"]
[Result "0-1"]
[WhiteElo "2812"]
[BlackElo "2985"]
[TimeControl "180+2"]
[EndTime "13:53:26 PDT"]
[Termination "OparinGrigoriy won by resignation"]

1. d4 Nf6 2. c4 e6 3. g3 d5 4.
Nf3 dxc4 5. Qa4+ Bd7 6. Qxc4 b5 7. Qc2 Na6 8. Bg2 c5 9. dxc5 Rc8 10. O-O Bxc5 11.
Qd1 O-O 12. Nbd2 Nb4 13. a3 Nc2 14. Ra2 Bb6 15. b4 Qc7 16. Nb3 Nd5 17. Nc5 Bxc5 18. bxc5 Qxc5 19. Ng5 h6 20. Ne4 Qc7 21. Bb2 b4 22.
axb4 Ndxb4 23. Qd2 f5 24. Nc5 Rfd8 25. Qc3 Bb5 26.
Ra5 Bxe2 27. Rc1 Rd7 28. Qb3 Rd6 29. Be5 Qxa5 30. Bxd6 Re8 31. Bc6 Nxc6 32. Qxc2 Bf3 33. Bf4 Bd5 34. Be3 Ne5 35. f4 Nf3+ 36. Kf2 Nxh2 37. Bd4 Ng4+ 38. Ke2 Qb5+ 39. Kd2 Rd8 40. Rb1 Qe8 41. Qc3 Qh5 42. Re1 Be4 43. Kc1 Bd5 44. Bxg7 Rc8 45. Bd4 Qf7 46. Qd2 Qe7 47. Qc3 Nf6 48. Kb2 Ne4 49. Nxe4 Rxc3 50. Nxc3 Qb4+ 51.
Kc2 Qxd4 0-1

[Event "*** Titled Tuesday Blitz"]
[Site "Chess.com"]
[Date "2019.07.02"]
[Round "4"]
[White "Jospem"]
[Black "MehdiHosseinipour"]
[Result "0-1"]
[WhiteElo "2859"]
[BlackElo "2596"]
[TimeControl "180+2"]
[EndTime "13:53:26 PDT"]
[Termination "MehdiHosseinipour won by checkmate"]

1. c4 Nf6 2. Nf3 e6 3. g3 c5 4. Bg2 Nc6 5. O-O Be7 6. d4 cxd4 7. Nxd4 a6 8. Nc3 O-O 9. e4 d6 10. b3 Bd7 11. Bb2 Rc8 12. Nde2 Qc7 13. Kh1 Rfd8 14. f4 Be8 15. h3 Qb8 16. g4 b5 17.
cxb5 axb5 18. g5 Nd7 19. Ng3 Nc5 20. Nh5 Bf8 21. f5 Ne5 22. Nf4 b4 23. Nce2 Bc6 24. Ng3 Qb7 25. g6 fxg6 26. fxg6 hxg6 27. Qd4 g5 28.
Nfh5 Ncd3 29. Rad1 Nxb2 30. Qxb2 Be7 31. Rd4 Rf8 32.
Rfd1 Rcd8 33. Ne2 Rf2 34. Nhg3 Nf3 35. Rc4 Nh4 36. Nh5 Bf8 37. Rg1 Nxg2 38. Qc1 Bxe4 39. Neg3 Bf3 40. Qxg5 Nh4+ 41. Rg2 Bxg2+ 42. Kg1 Rf7 43.
Qxd8 Qa7+ 44. Kh2 Qf2 45. Qxh4 Bf3# 0-1

[Event "*** Titled Tuesday Blitz"]
[Site "Chess.com"]
[Date "2019.07.02"]
[Round "4"]
[White "Sadikhov_Ulvi"]
[Black "GameOverBro"]
[Result "0-1"]
[WhiteElo "2685"]
[BlackElo "2495"]
[TimeControl "180+2"]
[EndTime "13:53:26 PDT"]
[Termination "GameOverBro won by resignation"]

1. Nf3 g6 2. g3 Bg7 3. Bg2 d6 4. O-O Nc6 5. d3 e5 6. e4 h6 7. c3 Nge7 8. h3 O-O 9. d4 exd4 10. cxd4 d5 11. e5 Be6 12. Nc3 Qd7 13. Kh2 b6 14. Re1 Na5 15. Ne2 c5 16. Nf4 Rac8 17. Nxe6 fxe6 18.
Qd3 Kh7 19. h4 Kg8 20. Bf4 Nf5 21. b3 c4 22. bxc4 Rxc4 23. Qd2 Kh7 24. g4 Ne7 25. Be3 Rfc8 26. Rac1 Qa4 27. h5 Rxc1 28. Rxc1 Rxc1 29. Qxc1 Nc4 30. Qb1 Qe8 31. Bf1 Nxe3 32. fxe3 Kg8 33. hxg6 Nxg6 34. Bd3 Qf7 35. Kg3 Nf8 36. Qc2 h5 37. Qc8 hxg4 38. Ng5 Qh5 39. Qd8 Bh6 40. Bh7+ Kh8 41. Qf6+ Bg7 42. Qd8 Bh6 43. Qf6+ Bg7 44. Qd8 b5 45. Bd3 Bh6 46. Qf6+ Bg7 47. Qd8 Bh6 48. Qf6+ Kg8 49. Nxe6 Qh3+ 50. Kf2 g3+ 51.
Ke1 Qxe6 52. Qxe6+ Nxe6 53. Bxb5 Bxe3 54. Bf1 Bxd4 55.
Bg2 Nf4 0-1

[Event "*** Titled Tuesday Blitz"]
[Site "Chess.com"]
[Date "2019.07.02"]
[Round "4"]
[White "bubacik"]
[Black "josiwales"]
[Result "0-1"]
[WhiteElo "2677"]
[BlackElo "2479"]
[TimeControl "180+2"]
[EndTime "13:53:29 PDT"]
[Termination "josiwales won on time"]

1. d4 d5 2. c4 c6 3. Nf3 Nf6 4.
Nc3 dxc4 5. a4 Bf5 6. e3 e6 7. Bxc4 Bb4 8. O-O O-O 9. Qe2 Bg6 10. h3 Nbd7 11. Rd1 Qa5 12. Na2 Bd6 13. Bd2 Qh5 14. Nc3 e5 15. Nh2 exd4 16. Qxh5 Bxh5 17. exd4 Bxd1 18. Rxd1 Nb6 19. Bb3 Rad8 20. Nf3 Rfe8 21. Bg5 Be7 22. Ne5 Nbd5 23. Bc1 Bb4 24. Bd2 Bxc3 25.
bxc3 Ne4 26. Be1 Nexc3 27. Bxc3 Nxc3 28. Re1 Nd5 29. Rb1 Re7 30. a5 Nc3 31. Rb2 Rxd4 32. Nf3 Rd6 33. a6 b6 34. Rc2 Ne4 35. Kh2 c5 36.
Re2 Kf8 37. Rc2 h6 38. Nh4 g6 39. Nf3 Ng5 40. Nh4 Rd4 41. g3 Re1 42. Rc3 Ne4 43. Rf3 Kg7 44. Ng2 Rf1 45. Rxf7+ Kh8 46. Nf4 Rd6 47. Rf8+ Kg7 48. Rf7+ Kh8 49. Rf8+ Kg7 50. Rf7+ Kg8 51. Re7+ Kf8 52. Rxe4 Rxf2+ 53. Kg1 Rb2 54. Re3 g5 55. Ne6+ Kf7 56. Nxc5+ Kg6 57. Ne4 Rd4 58. Nf2 Rdd2 59. Rf3 Rxf2 60. Bf7+ Kg7 61. Rxf2 Rxf2 0-1

[Event "*** Titled Tuesday Blitz"]
[Site "Chess.com"]
[Date "2019.07.02"]
[Round "4"]
[White "maximnovik"]
[Black "Witik"]
[Result "1-0"]
[WhiteElo "2459"]
[BlackElo "2532"]
[TimeControl "180+2"]
[EndTime "13:53:30 PDT"]
[Termination "maximnovik won by resignation"]

1. c4 e5 2. g3 g6 3. Bg2 Bg7 4. Nc3 f5 5. d3 Nf6 6. Bg5 O-O 7. Nf3 d6 8. O-O Nbd7 9. Nd2 h6 10.
Bxf6 Nxf6 11. b4 Rb8 12. b5 Bd7 13. a4 h5 14. a5 h4 15. a6 b6 16. Rc1 hxg3 17. hxg3 Kf7 18. Nd5 Rh8 19. Qb3 Be6 20. e3 Rh6 21. Nf3 Ng4 22. Nb4 Qf6 23. Nc6 Rbh8 24.
Qc2 g5 25. Rfd1 Qg6 26. Kf1 Bf6 27. Ke2 Kg7 28. Rh1 f4 29. Rxh6 Rxh6 30. Rh1 Rxh1 31. Bxh1 Nxf2 32. Kxf2 g4 33. Ne1 fxg3+ 34. Kg1 Qh6 35. Qe2 Bg5 36. Nc2 e4 37. dxe4 Bxc4 38. Qd2 Bxb5 39. N6d4 Bxa6 40. Nf5+ Kg6 41. Nxh6 Kxh6 42.
e5 dxe5 43. Be4 Bc4 44. Qd7 Bg8 45. Qe8 Kg7 46. Qg6+ 1-0

[Event "*** Titled Tuesday Blitz"]
[Site "Chess.com"]
[Date "2019.07.02"]
[Round "4"]
[White "pandamaster3000"]
[Black "fish7728"]
[Result "1-0"]
[WhiteElo "2283"]
[BlackElo "2225"]
[TimeControl "180+2"]
[EndTime "13:53:32 PDT"]
[Termination "pandamaster3000 won by resignation"]

1. e4 c5 2. Nf3 Nc6 3. Bb5 g6 4.
Bxc6 dxc6 5. O-O Bg7 6. c3 e5 7. h3 c4 8. Qe2 Be6 9. a4 Qd3 10. Re1 Qxe2 11. Rxe2 h6 12. a5 Ne7 13. Ra4 O-O 14. Na3 b5 15. axb6 axb6 16. Rxa8 Rxa8 17. d3 cxd3 18. Rd2 f5 19. Rxd3 fxe4 20. Rd6 exf3 21. Rxe6 Kf7 22. Rd6 fxg2 23. Kxg2 b5 24. Be3 Ra4 25.
Bc5 Bf6 26. Rd7 Ke6 27. Rc7 Nd5 28. Rxc6+ Kf5 29. Nxb5 Nf4+ 30. Kg3 Nh5+ 31. Kf3 Rf4+ 32. Kg2 Bh4 33. Nd6+ Kg5 34. f3 Nf6 35. Be3 Nd5 36.
Bxf4+ Nxf4+ 37. Kh2 Ne2 38. Ne4+ Kf4 39. Kg2 g5 40.
Rf6+ Ke3 41. Rf5 Nf4+ 42. Rxf4 gxf4 43. b4 Be7 44. b5 Bd8 45. c4 Kd4 46. c5 Kd5 47. b6 Kc6 48. Kf1 Be7 49. Ke2 Bd8 50. Kd3 Be7 51. Kc4 Bd8 52. Kb4 Be7 53. Ka5 Bd8 54. Ka6 1-0

[Event "*** Titled Tuesday Blitz"]
[Site "Chess.com"]
[Date "2019.07.02"]
[Round "4"]
[White "NeverEverForever1990"]
[Black "pedro_gines"]
[Result "0-1"]
[WhiteElo "2432"]
[BlackElo "2404"]
[TimeControl "180+2"]
[EndTime "13:53:32 PDT"]
[Termination "pedro_gines won by resignation"]

1. d4 e6 2. Nf3 c5 3. c3 Nf6 4. Bf4 Qb6 5. Qb3 Nc6 6. e3 d5 7.
Na3 c4 8. Qxb6 axb6 9. Nb5 Ra5 10. Nd6+ Bxd6 11. Bxd6 Ne4 12. Bc7 Kd7 13. Bf4 b5 14. Nd2 Nd6 15. b4 Ra3 16. Nb1 Ra6 17. Be2 h5 18. Bxd6 Kxd6 19. Kd2 Bd7 20. Kc2 h4 21. Kb2 g5 22. Na3 Ne7 23. Nc2 f6 24. f3 Be8 25.
e4 Bg6 26. Na3 Rxa3 27. Kxa3 dxe4 28. fxe4 Bxe4 29. Bf3 Bxf3 30. gxf3 Nd5 31. Kb2 Nf4 32. a4 Kc6 33. axb5+ Kb6 34. Kc2 h3 35. Rhe1 Re8 36.
Re4 f5 37. Re5 Nd3 38. Re3 Nf4 39. Rg1 Rg8 40. Rge1 Kxb5 41. Re5+ Kc6 42. Rc5+ Kd6 43. Rb5 g4 44. fxg4 fxg4 45. Rxb7 g3 46. hxg3 Rxg3 47. Rh7 Rg2+ 48. Kb1 h2 49. Rc1 Ne2 50. Rd1 Nxc3+ 51. Kc1 Nxd1 0-1

[Event "*** Titled Tuesday Blitz"]
[Site "Chess.com"]
[Date "2019.07.02"]
[Round "4"]
[White "SalgadoChess91"]
[Black "TST2014"]
[Result "1/2-1/2"]
[WhiteElo "2829"]
[BlackElo "2566"]
[TimeControl "180+2"]
[EndTime "13:53:33 PDT"]
[Termination "Game drawn - insufficient material"]

1. d4 Nf6 2. c4 d6 3. Nc3 e5 4. Nf3 Nbd7 5. e4 Be7 6. Be2 O-O 7. O-O c6 8. Re1 Re8 9. d5 Nc5 10. Bf1 a5 11. b3 Bd7 12. h3 Bf8 13. Ba3 Qb8 14. Rc1 cxd5 15. Bxc5 dxe4 16. Ng5 dxc5 17. Ngxe4 Nxe4 18. Qxd7 Nxc3 19. Rxc3 a4 20. bxa4 Rd8 21. Qb5 Qc7 22. Bd3 Rd4 23. Qb1 g6 24. Be4 Rxa4 25. Bd5 Kg7 26. Rb3 Rb4 27. Qc2 b5 28. Rc3 Qd6 29.
a3 Ra4 30. Rb1 bxc4 31. Bxc4 Ra7 32. g3 Rd2 33. Qe4 Qd4 34. Qxd4 cxd4 35. Rcb3 e4 36. Rb7 Rxb7 37. Rxb7 Bxa3 38. Rxf7+ Kh6 39. Rf4 e3 40. fxe3 dxe3 41. Kf1 Bc5 42. Be2 Rc2 43. Re4 Rc1+ 44. Kg2 Kg7 45. h4 h5 46. Rc4 Rxc4 47. Bxc4 Kf6 48.
Kf3 Ke5 49. Bd3 Kf6 50. Be2 Bd6 51. Bd3 Be5 52. Be2 Bxg3 53. Kxg3 g5 54. hxg5+ Kxg5 55. Bxh5 e2 56. Bxe2 1/2-1/2

[Event "*** Titled Tuesday Blitz"]
[Site "Chess.com"]
[Date "2019.07.02"]
[Round "4"]
[White "Karina_Ivanova"]
[Black "tteshan"]
[Result "1-0"]
[WhiteElo "2191"]
[BlackElo "2226"]
[TimeControl "180+2"]
[EndTime "13:53:41 PDT"]
[Termination "Karina_Ivanova won by resignation"]

1. Nf3 c5 2. e4 Nc6 3. d4 cxd4 4.
Nxd4 g6 5. c4 Bg7 6. Be3 d6 7. Nc3 Nf6 8. Be2 O-O 9. O-O Bd7 10.
Rc1 Nxd4 11. Bxd4 Bc6 12. f3 Nd7 13. Nd5 Bxd5 14. cxd5 Qa5 15. Bxg7 Kxg7 16. Qd4+ Kg8 17. a3 Rfc8 18. g3 Qd8 19. Kg2 Nc5 20. Qe3 a5 21. b4 axb4 22. axb4 Nd7 23. Rxc8 Qxc8 24. Rc1 Qd8 25. Rc3 Kg7 26. Qd4+ Kg8 27. Bb5 Nb6 28. Rc2 h5 29. h4 Kh7 30. Qe3 Ra1 31. Qd4 Ra3 32. f4 Nd7 33. Qb2 Ra8 34. Qc3 Nf6 35.
Bd3 Ng4 36. Be2 Nf6 37. Bf3 Qb6 38. Qc7 Qe3 39. Qxe7 Kg7 40. e5 Ng4 41. exd6 Qxe7 42. dxe7 Ne3+ 43. Kf2 Nxc2 44. d6 Kf6 45. Bxb7 Rb8 46.
Bc6 Nxb4 47. e8=Q Rxe8 48. Bxe8 Nd5 49. d7 Ke7 50. Bxf7 Kxd7 51. Bxd5 1-0